TOP OF THE 1ST |
Niagara Falls Frenzy batting - Pitching for St. Louis Browns : RHP Claudio Martínez
|
Pitching: RHP Claudio Martínez
|
|
Batting: RHB Jorge Cora
|
0-0: Called Strike 0-1: Ground out 5-3 (Groundball, 56S)
|
Batting: RHB Zander Tremblett
|
0-0: Ball 1-0: Ball 2-0: Ball 3-0: Base on Balls
|
Batting: LHB Clyde Yarbrough
|
0-0: Grounds into double play, 6-4-3 (Groundball, 6)
|
Top of the 1st over - 0 run(s), 0 hit(s), 0 error(s), 0 left on base; Niagara Falls 0 - St. Louis 0 |
BOTTOM OF THE 1ST |
St. Louis Browns batting - Pitching for Niagara Falls Frenzy : RHP Tom Moore
|
Pitching: RHP Tom Moore
|
|
Batting: SHB Ryobe Yamamoto
|
0-0: Called Strike 0-1: Ground out 4-3 (Groundball, 34)
|
Batting: RHB Anthony Rucker
|
0-0: Bunted foul 0-1: Ball 1-1: Ball 2-1: Ground out 4-3 (Groundball, 4)
|
Batting: LHB Stan Hickman
|
0-0: Hit by Pitch
|
Batting: LHB Jorge Torres
|
0-0: Fly out, F8 (Flyball, 8LS)
|
Bottom of the 1st over - 0 run(s), 0 hit(s), 0 error(s), 1 left on base; Niagara Falls 0 - St. Louis 0 |
TOP OF THE 2ND |
Niagara Falls Frenzy batting - Pitching for St. Louis Browns : RHP Claudio Martínez
|
Batting: SHB Martín De Jesús
|
0-0: Ball 1-0: Called Strike 1-1: Ball 2-1: Foul Ball, location: 2F 2-2: Ball 3-2: Strikes out swinging
|
Batting: RHB Ángel Hinojosa
|
0-0: Called Strike 0-1: Foul Ball, location: 2F 0-2: Strikes out swinging
|
Batting: LHB Bill Hall
|
0-0: Fly out, F8 (Flyball, 8RXD)
|
Top of the 2nd over - 0 run(s), 0 hit(s), 0 error(s), 0 left on base; Niagara Falls 0 - St. Louis 0 |
BOTTOM OF THE 2ND |
St. Louis Browns batting - Pitching for Niagara Falls Frenzy : RHP Tom Moore
|
Batting: LHB Robin Hill
|
0-0: Ground out 1-3 (Groundball, P)
|
Batting: RHB Mario Rosales
|
0-0: Called Strike 0-1: Called Strike 0-2: Ball 1-2: Foul Ball, location: 2F 1-2: Foul Ball, location: 2F 1-2: Ground out 4-3 (Groundball, 4)
|
Batting: RHB R.J. Parker
|
0-0: Ball 1-0: Ball 2-0: Called Strike 2-1: Ball 3-1: Foul Ball, location: 2F 3-2: SINGLE (Flyball, 9S)
|
Batting: RHB José Flores
|
0-0: Ball 1-0: Called Strike 1-1: Ball 2-1: Ball 3-1: SINGLE (Line Drive, 9S) R.J. Parker to second
|
Batting: LHB Tommy Evans
|
0-0: Called Strike 0-1: Ball 1-1: Foul Ball, location: 2F 1-2: Ball 2-2: Fielders Choice at 2nd, 6-4 (Groundball, 6)
|
Bottom of the 2nd over - 0 run(s), 2 hit(s), 0 error(s), 1 left on base; Niagara Falls 0 - St. Louis 0 |
TOP OF THE 3RD |
Niagara Falls Frenzy batting - Pitching for St. Louis Browns : RHP Claudio Martínez
|
Batting: RHB Tomás Estrada
|
0-0: Called Strike 0-1: Reached on error, E6 (Groundball, 56)
|
Batting: SHB Dave MacThomas
|
0-0: Ball 1-0: Ground out U3 (Groundball, 34) Tomás Estrada to third
|
Batting: RHB Luther Stoffels
|
0-0: Ball 1-0: Called Strike 1-1: Ground out 6-3 (Groundball, 6) Tomás Estrada scores
|
Batting: RHB Jorge Cora
|
0-0: Ball 1-0: Ball 2-0: Ball 3-0: Swinging Strike 3-1: Swinging Strike 3-2: Strikes out swinging
|
Top of the 3rd over - 1 run(s), 0 hit(s), 1 error(s), 0 left on base; Niagara Falls 1 - St. Louis 0 |
BOTTOM OF THE 3RD |
St. Louis Browns batting - Pitching for Niagara Falls Frenzy : RHP Tom Moore
|
Batting: SHB Ryobe Yamamoto
|
0-0: Ball 1-0: Ball 2-0: Ball 3-0: Called Strike 3-1: Swinging Strike 3-2: Foul Ball, location: 2F 3-2: Base on Balls
|
Batting: RHB Anthony Rucker
|
0-0: Ball Ryobe Yamamoto steals 2nd base 1-0: Ball 2-0: Ball 3-0: Called Strike 3-1: Base on Balls
|
Batting: LHB Stan Hickman
|
0-0: Called Strike 0-1: Swinging Strike 0-2: Ball 1-2: Ball 2-2: SINGLE (Groundball, 6MD) Ryobe Yamamoto to third Anthony Rucker to second
|
Batting: LHB Jorge Torres
|
0-0: Ball 1-0: Called Strike 1-1: Foul Ball, location: 2F 1-2: GRAND SLAM HOME RUN (Flyball, 8LXD), Distance : 419 ft
|
Batting: LHB Robin Hill
|
0-0: Ball 1-0: Foul Ball, location: 2F 1-1: Ball 2-1: Ball 3-1: Base on Balls
|
Batting: RHB Mario Rosales
|
0-0: Called Strike 0-1: Ball 1-1: Foul Ball, location: 2F 1-2: Strikes out swinging
|
Batting: RHB R.J. Parker
|
0-0: Ball 1-0: Swinging Strike 1-1: Grounds into double play, 5-4-3 (Groundball, 5L)
|
Bottom of the 3rd over - 4 run(s), 2 hit(s), 0 error(s), 0 left on base; Niagara Falls 1 - St. Louis 4 |
TOP OF THE 4TH |
Niagara Falls Frenzy batting - Pitching for St. Louis Browns : RHP Claudio Martínez
|
Batting: RHB Zander Tremblett
|
0-0: Called Strike 0-1: Ball 1-1: Foul Ball, location: 2F 1-2: Ground out 3-1 (Groundball, 34)
|
Batting: LHB Clyde Yarbrough
|
0-0: Called Strike 0-1: SINGLE (Groundball, 34D)
|
Batting: SHB Martín De Jesús
|
0-0: Called Strike 0-1: Swinging Strike 0-2: Strikes out swinging
|
Batting: RHB Ángel Hinojosa
|
0-0: Ball 1-0: Swinging Strike 1-1: Foul Ball, location: 2F 1-2: Strikes out swinging
|
Top of the 4th over - 0 run(s), 1 hit(s), 0 error(s), 1 left on base; Niagara Falls 1 - St. Louis 4 |
BOTTOM OF THE 4TH |
St. Louis Browns batting - Pitching for Niagara Falls Frenzy : RHP Tom Moore
|
Batting: RHB José Flores
|
0-0: Ball 1-0: Ground out 1-3 (Groundball, P)
|
Batting: LHB Tommy Evans
|
0-0: Ground out 4-3 (Groundball, 4D)
|
Batting: SHB Ryobe Yamamoto
|
0-0: Foul Ball, location: 2F 0-1: Ball 1-1: Foul Ball, location: 2F 1-2: Ball 2-2: Ball 3-2: Foul Ball, location: 2F 3-2: Strikes out swinging
|
Bottom of the 4th over - 0 run(s), 0 hit(s), 0 error(s), 0 left on base; Niagara Falls 1 - St. Louis 4 |
TOP OF THE 5TH |
Niagara Falls Frenzy batting - Pitching for St. Louis Browns : RHP Claudio Martínez
|
Batting: LHB Bill Hall
|
0-0: Ball 1-0: Foul Ball, location: 2F 1-1: Ball 2-1: Foul Ball, location: 2F 2-2: Foul Ball, location: 2F 2-2: Strikes out swinging
|
Batting: RHB Tomás Estrada
|
0-0: Called Strike 0-1: Called Strike 0-2: Ball 1-2: Strikes out swinging, 2-3 out at first.
|
Batting: SHB Dave MacThomas
|
0-0: Ball 1-0: Called Strike 1-1: Ball 2-1: Ball 3-1: Foul Ball, location: 2F 3-2: Foul Ball, location: 2F 3-2: Base on Balls
|
Batting: RHB Luther Stoffels
|
0-0: Called Strike 0-1: Foul Ball, location: 2F 0-2: Strikes out looking
|
Top of the 5th over - 0 run(s), 0 hit(s), 0 error(s), 1 left on base; Niagara Falls 1 - St. Louis 4 |
BOTTOM OF THE 5TH |
St. Louis Browns batting - Pitching for Niagara Falls Frenzy : RHP Tom Moore
|
Batting: RHB Anthony Rucker
|
0-0: Ball 1-0: Called Strike 1-1: Ground out 4-3 (Groundball, 4M)
|
Batting: LHB Stan Hickman
|
0-0: Called Strike 0-1: Ground out 1-3 (Groundball, 13S)
|
Batting: LHB Jorge Torres
|
0-0: SOLO HOME RUN (Flyball, 89XD), Distance : 385 ft
|
Batting: LHB Robin Hill
|
0-0: Foul Ball, location: 2F 0-1: Called Strike 0-2: Ground out 5-3 (Groundball, 5)
|
Bottom of the 5th over - 1 run(s), 1 hit(s), 0 error(s), 0 left on base; Niagara Falls 1 - St. Louis 5 |
TOP OF THE 6TH |
Niagara Falls Frenzy batting - Pitching for St. Louis Browns : RHP Claudio Martínez
|
Batting: RHB Jorge Cora
|
0-0: Foul Ball, location: 2F 0-1: Ground out 1-3 (Groundball, 15S)
|
Batting: RHB Zander Tremblett
|
0-0: Foul Ball, location: 2F 0-1: Ball 1-1: Called Strike 1-2: Ball 2-2: Ball 3-2: Foul Ball, location: 2F 3-2: Foul Ball, location: 2F 3-2: DOUBLE (Flyball, 8LXD)
|
Batting: LHB Clyde Yarbrough
|
0-0: Ball 1-0: Swinging Strike 1-1: Ground out 4-3 (Groundball, 34) Zander Tremblett to third
|
Batting: SHB Martín De Jesús
|
0-0: Called Strike 0-1: Ball 1-1: Ball 2-1: Fly out, F7 (Flyball, 7)
|
Top of the 6th over - 0 run(s), 1 hit(s), 0 error(s), 1 left on base; Niagara Falls 1 - St. Louis 5 |
BOTTOM OF THE 6TH |
St. Louis Browns batting - Pitching for Niagara Falls Frenzy : RHP Tom Moore
|
Pitching: RHP Alonso Jiménez
|
|
Batting: RHB Mario Rosales
|
0-0: Ball 1-0: Fly out, F9 (Flyball, 9LS)
|
Batting: RHB R.J. Parker
|
0-0: Fly out, F8 (Flyball, 8RS)
|
Batting: RHB José Flores
|
0-0: TRIPLE (Line Drive, 9LM)
|
Batting: LHB Tommy Evans
|
0-0: Called Strike 0-1: Ball 1-1: Foul Ball, location: 2F 1-2: Ball 2-2: Strikes out swinging
|
Bottom of the 6th over - 0 run(s), 1 hit(s), 0 error(s), 1 left on base; Niagara Falls 1 - St. Louis 5 |
TOP OF THE 7TH |
Niagara Falls Frenzy batting - Pitching for St. Louis Browns : RHP Claudio Martínez
|
Batting: RHB Ángel Hinojosa
|
0-0: Ball 1-0: Swinging Strike 1-1: Called Strike 1-2: Strikes out swinging
|
Batting: LHB Bill Hall
|
0-0: Ball 1-0: Swinging Strike 1-1: Foul Ball, location: 2F 1-2: Ball 2-2: Ball 3-2: Base on Balls
|
Pitching: RHP John Allan
|
|
Batting: RHB Tomás Estrada
|
0-0: Ball 1-0: Foul Ball, location: 2F 1-1: Ball 2-1: Grounds into double play, 1-6-3 (Groundball, 13S)
|
Top of the 7th over - 0 run(s), 0 hit(s), 0 error(s), 0 left on base; Niagara Falls 1 - St. Louis 5 |
BOTTOM OF THE 7TH |
St. Louis Browns batting - Pitching for Niagara Falls Frenzy : RHP Alonso Jiménez
|
Batting: SHB Ryobe Yamamoto
|
0-0: Foul Ball, location: 2F 0-1: Ball 1-1: Swinging Strike 1-2: Fly out, F7 (Flyball, 7S)
|
Batting: RHB Anthony Rucker
|
0-0: Called Strike 0-1: Ground out 5-3 (Groundball, 56)
|
Batting: LHB Stan Hickman
|
0-0: Ground out 6-3 (Groundball, 6)
|
Bottom of the 7th over - 0 run(s), 0 hit(s), 0 error(s), 0 left on base; Niagara Falls 1 - St. Louis 5 |
TOP OF THE 8TH |
Niagara Falls Frenzy batting - Pitching for St. Louis Browns : RHP John Allan
|
Batting: SHB Dave MacThomas
|
0-0: SINGLE (Line Drive, 5S)
|
Batting: RHB Luther Stoffels
|
0-0: Foul Ball, location: 2F 0-1: Ball 1-1: Ball 2-1: Swinging Strike 2-2: Ball 3-2: Foul Ball, location: 2F 3-2: Strikes out looking
|
Batting: RHB Jorge Cora
|
0-0: Ball 1-0: Ball 2-0: Ball 3-0: Called Strike 3-1: Swinging Strike 3-2: Strikes out swinging
|
Batting: RHB Zander Tremblett
|
0-0: Ball 1-0: Called Strike 1-1: Ball 2-1: Foul Ball, location: 2F 2-2: Strikes out swinging
|
Top of the 8th over - 0 run(s), 1 hit(s), 0 error(s), 1 left on base; Niagara Falls 1 - St. Louis 5 |
BOTTOM OF THE 8TH |
St. Louis Browns batting - Pitching for Niagara Falls Frenzy : RHP Alonso Jiménez
|
Batting: LHB Jorge Torres
|
0-0: Called Strike 0-1: Ball 1-1: Ball 2-1: Foul Ball, location: 2F 2-2: Ball 3-2: Base on Balls
|
Batting: LHB Robin Hill
|
0-0: Called Strike 0-1: Ball 1-1: Called Strike 1-2: Foul Ball, location: 2F 1-2: SINGLE (Flyball, 9S) Jorge Torres to second Runner from 2nd tries for 3rd, SAFE, throw made to third
|
Batting: RHB Mario Rosales
|
0-0: Foul Ball, location: 2F 0-1: Ball 1-1: Ball 2-1: DOUBLE (Flyball, 89XD) Jorge Torres scores Robin Hill to third
|
Batting: RHB R.J. Parker
|
0-0: Foul Ball, location: 2F 0-1: Foul Ball, location: 2F 0-2: Ball 1-2: Fly out, F3 (Popup, 3)
|
Batting: RHB José Flores
|
0-0: Fly out, F7 (Flyball, 78M) Runner from 3rd tags up, SCORES, no throw
|
Batting: LHB Tommy Evans
|
0-0: Ball 1-0: Called Strike 1-1: Ball 2-1: Foul Ball, location: 2F 2-2: Strikes out swinging
|
Bottom of the 8th over - 2 run(s), 2 hit(s), 0 error(s), 1 left on base; Niagara Falls 1 - St. Louis 7 |
TOP OF THE 9TH |
Niagara Falls Frenzy batting - Pitching for St. Louis Browns : RHP John Allan
|
Batting: LHB Clyde Yarbrough
|
0-0: Ball 1-0: Called Strike 1-1: Ball 2-1: Called Strike 2-2: Strikes out swinging
|
Batting: SHB Martín De Jesús
|
0-0: Called Strike 0-1: Called Strike 0-2: Strikes out swinging
|
Batting: RHB Ángel Hinojosa
|
0-0: Ball 1-0: Foul Ball, location: 2F 1-1: Called Strike 1-2: Strikes out swinging
|
Top of the 9th over - 0 run(s), 0 hit(s), 0 error(s), 0 left on base; Niagara Falls 1 - St. Louis 7 |
|